 Dungeon Crawl Stone Soup version 0.27.0-1-g7a089689b8 (webtiles) character file.

Game seed: 6473317388938527275

32 mainiacjoe the Digger (level 3, 0/24 HPs)
             Began as a Human Earth Elementalist on Aug 17, 2021.
             Slain by a gnoll (4 damage)
             ... on level 4 of the Dungeon.
             The game lasted 00:04:32 (1924 turns).

mainiacjoe the Digger (Human Earth Elementalist)    Turns: 1924, Time: 00:04:33

Health: 0/24       AC:  3    Str:  8    XL:     3   Next: 45%
Magic:  5/6        EV: 12    Int: 16    God:
Gold:   59         SH:  0    Dex: 13    Spells: 3/6 levels left

rFire    . . .     SeeInvis .   a - +0 dagger
rCold    . . .     Faith    .   (no shield)
rNeg     . . .     Spirit   .   d - +0 robe
rPois    .         Reflect  .   (no helmet)
rElec    .         Harm     .   g - +0 cloak
rCorr    .         Rampage  .   (no gloves)
Will     .....                  (no boots)
Stlth    ++........             (no amulet)
HPRegen  0.08/turn              (no ring)
MPRegen  0.10/turn              (no ring)

@: no status effects
A: no striking features
a: no special abilities


You were on level 4 of the Dungeon.
You visited 1 branch of the dungeon, and saw 3 of its levels.

You collected 59 gold pieces.

Inventory:

Hand Weapons
 a - a +0 dagger (weapon)
 b - a +0 hand axe
Missiles
 c - 28 stones (quivered)
 h - 26 arrows
Armour
 d - a +0 robe (worn)
 g - a +0 cloak (worn)
Scrolls
 e - a scroll of immolation
 i - a scroll of fog
 j - 2 scrolls of fear {unknown}


   Skills:
 + Level 0.0 Short Blades
 - Level 2.0 Dodging
 + Level 2.0 Stealth
 - Level 2.0 Spellcasting
 - Level 1.0 Transmutations
 - Level 4.3 Earth Magic


You had 3 spell levels left.
You knew the following spells:

 Your Spells              Type           Power      Damage    Failure   Level
a - Sandblast             Erth           30%        2d9       3%          1
b - Passwall              Tmut/Erth      8%         N/A       11%         2

Your spell library contained the following spells:

 Spells                   Type           Power      Damage    Failure   Level
 Stone Arrow              Conj/Erth      16%        3d8       26%         3
 Petrify                  Tmut/Erth      10%        N/A       56%         4


Dungeon Overview and Level Annotations

Branches:
Dungeon (2/15)

Altars:


Message History

Found 14 poisoned darts.
Found a scroll labelled SIKHLY JOZEKHUE.
The ball python hisses angrily.
The gnoll shouts!
A gnoll comes into view. It is wielding a +0 spear.
The gnoll hits you with a +0 whip.
The gnoll hits you from afar with a +0 spear.
Found a stone staircase leading up.
A gnoll comes into view. It is wielding a +0 vampiric whip.
The gnoll shouts!
You hear a shout! x2
A gnoll comes into view. It is wielding a +0 whip.
A scorpion and a gnoll come into view.
The gnoll barely misses you.
The gnoll hits you with a +0 vampiric whip.
An orc comes into view. It is wielding a +0 dagger.
The gnoll hits you with a +0 whip.
A scorpion comes into view.
An orc comes into view. It is wielding a +0 dagger.
The orc shouts! x2; You hear a shout!
The scorpion completely misses you.
The scorpion stings you but does no damage.
An orc comes into view. It is wielding a +0 dagger.
The gnoll hits you from afar with a +0 spear.
* * * LOW HITPOINT WARNING * * *
The gnoll shouts!
The gnoll misses you. The gnoll closely misses you. The gnoll misses you.
The gnoll hits you from afar with a +0 spear.
* * * LOW HITPOINT WARNING * * *
The gnoll barely misses you.
Casting: Sandblast (safe; 3% risk of failure)
Confirm with . or Enter, or press ? or * to list all spells.
Aiming: Sandblast (safe; 3% risk of failure)
Press: ? - help, Shift-Dir - straight line, f - gnoll
Aim: a gnoll, wielding a +0 spear (82% to hit)
The blast of sand hits the gnoll.
The gnoll is heavily wounded.
c - 28 stones The gnoll hits you with a +0 whip.
You die...

.......##.......#.....#..
........S.o.....##.......
.......o.gs.....##.......
........###.S....#..#....
........####o.......#....
........##?g...#.##......
......<.g#s..###.###.##..
...#..##.gg..##..#.......
.....# #@gg.####.........
..... ##....##Sg........
..#.. ##...#..[........
..#. ##.............#
#....>.........
###.......###.#
##..#....##.#
##.......... #.....#.#..


You could see a scorpion, 6 gnolls, 2 orcs and a ball python.

Vanquished Creatures
  An adder (D:2)
  A dart slug (D:1)
  A ball python (D:1)
  2 bats (D:1)
  3 giant cockroaches (D:1)
  3 goblins (D:1)
  2 hobgoblins (D:1)
  A quokka (D:1)
  2 frilled lizards (D:1)
  5 rats (D:1)
21 creatures vanquished.

Notes
Turn   | Place    | Note
-------+----------+-------------------------------------------
     0 | D:1      | mainiacjoe the Human Earth Elementalist began the quest for
                  | the Orb.
     0 | D:1      | Reached XP level 1. HP: 13/13 MP: 3/3
   216 | D:1      | Found a faded altar of an unknown god.
   459 | D:1      | Reached XP level 2. HP: 16/19 MP: 5/5
   462 | D:1      | Learned a level 2 spell: Passwall
  1382 | D:1      | Reached skill level 4 in Earth Magic
  1382 | D:1      | Reached XP level 3. HP: 20/24 MP: 6/6
  1873 | D:2      | You fall into a shaft and drop 2 floors!
  1910 | D:4      | Noticed a scorpion
  1913 | D:4      | Noticed a scorpion
  1924 | D:4      | Slain by a gnoll

Illustrated notes

Levels and vault maps discovered:
D:1:      wheals_arrival_linesprint, layout_loops_cross,
          shapermc_ecumenical_altar_mp_vishouse
D:2:      layout_loops_corners, basic_altar, minmay_misc_feat_four_crosses
D:4:      layout_cave_pools, mainiacjoe_overflow_small_starburst,
          temple_statues, minmay_divided_ellipse

Skill      XL: |  1  2 |
---------------+-------+-----
Earth Magic    | 4 |  4.3
Dodging        | |  2.0
Stealth        | |  2.0
Spellcasting   | |  2.0
Transmutations | |  1.0

Action                   || total
-------------------------++-------
Melee: Hand axe          ||    93
       Dagger            ||     5
Throw: Stone             ||     4
 Cast: Sandblast         ||     2
       Passwall          ||     1
  Use: Scroll            ||     2
 Stab: Sleeping          ||     7
Armor: Robe              ||    40
Dodge: Dodged            ||    68
